 Dungeon Crawl Stone Soup version 0.29-a0-911-g88e6f02907 (webtiles) character file.

Game seed: 13132213974564881075

11495 jlumianski the Frost Mage (level 11, -6/76 HPs)
             Began as a Demonspawn Ice Elementalist on July 25, 2022.
             Was a Follower of Qazlal.
             Mangled by a cyan ugly thing (12 damage)
             ... on level 8 of the Dungeon on July 26, 2022.
             The game lasted 01:03:11 (10587 turns).

jlumianski the Frost Mage (DsIE)                   Turns: 10587, Time: 01:03:12

Health: -6/76      AC: 15    Str:  9 (11) XL:     11   Next: 50%
Magic:  0/23       EV: 13    Int: 25 (28) God:    Qazlal [*.....]
Gold:   1130       SH:  2    Dex: 17 (18) Spells: 16/27 levels left

rFire   . . .      SeeInvis .   Q - +5 short sword
rCold   + . .      Faith    .   (no shield)
rNeg    . . .      Spirit   +   i - +0 leather armour
rPois   .          Reflect  .   x - +0 helmet
rElec   .          Harm     .   O - +0 cloak
rCorr   .          Rampage  .   T - +0 pair of gloves
Will    +....                   C - +0 pair of boots
Stlth   +++.......              h - amulet of guardian spirit
HPRegen 0.22/turn               t - ring "Uwuwas" {*Corrode rC+ Str+3 Int+6}
MPRegen 0.36/turn               P - ring of Gullagh {Will+ Dex+5}

@: ice-armoured, freezing walls
A: claws 2, magic regeneration, demonic magic 1
a: Renounce Religion


You were on level 8 of the Dungeon.
You worshipped Qazlal.
Qazlal was aware of your devotion.
You visited 2 branches of the dungeon, and saw 10 of its levels.

You collected 1130 gold pieces.

Inventory:

Hand Weapons
 H - a +0 sling
 L - a +5 trident
 Q - a +5 short sword (weapon)
Missiles
 f - 6 curare-tipped darts
 k - 30 poisoned darts (quivered)
 y - a boomerang of dispersal
 A - a boomerang
Armour
 i - a +0 leather armour (worn)
 x - a +0 helmet (worn)
 C - a +0 pair of boots (worn)
 O - a +0 cloak (worn)
 T - a +0 pair of gloves (worn)
Magical Staves
 J - a staff of cold
Jewellery
 h - an amulet of guardian spirit (around neck)
 t - the ring "Uwuwas" (left hand) {*Corrode rC+ Str+3 Int+6}
   (You found it on level 2 of the Dungeon)

   [ring of intelligence]

   Str:       It affects your strength (+3).
   Int:       It affects your intelligence (+6).
   rC:        It protects you from cold.
   *Corrode:  It may corrode you when you take damage.
 K - a ring of resist corrosion
 P - the ring of Gullagh (right hand) {Will+ Dex+5}
   (You found it on level 7 of the Dungeon)

   [ring of willpower]

   Dex:       It affects your dexterity (+5).
   Will:      It increases your willpower.
Wands
 o - a wand of paralysis (8)
 M - a wand of flame (9)
Scrolls
 m - 2 scrolls of fear
 R - 2 scrolls of teleportation
Potions
 a - a potion of mutation
 b - 3 potions of magic
 c - a potion of flight
 d - a potion of degeneration
 e - a potion of curing {unknown}
 j - 5 potions of attraction
 l - a potion of ambrosia
 q - a potion of brilliance
 r - a potion of cancellation
 s - 2 potions of lignification
 u - a potion of resistance {unknown}
 v - a potion of haste {unknown}
 F - a potion of heal wounds {unknown}
 S - a potion of might


   Skills:
 + Level 3.7 Fighting
 * Level 6.6 Short Blades
 - Level 2.1 Staves
 - Level 0.1 Ranged Weapons
 + Level 4.1 Armour
 + Level 4.4 Dodging
 + Level 5.8 Stealth
 + Level 8.5 Spellcasting
 + Level 8.8 Ice Magic
 * Level 5.3 Invocations
 * Level 4.0 Evocations


You had 16 spell levels left.
You knew the following spells:

 Your Spells              Type           Power      Damage    Failure   Level
a - Freeze                Ice            100%       1d11      1%          1
b - Frozen Ramparts       Ice            100%       1d12      1%          3
c - Ozocubu's Armour      Ice            53%        N/A       1%          3
d - Hailstorm             Conj/Ice       32%        3d8       13%         4

Your spell library contained the following spells:

 Spells                   Type           Power      Damage    Failure   Level
 Apportation              Tloc           20%        N/A       8%          1
 Alistair's Intoxication  Tmut/Pois      6%         N/A       91%         5


Dungeon Overview and Level Annotations

Branches:
Dungeon (9/15)             Temple (1/1) D:7            Lair (0/5) D:8
    Orc: D:9-12

Altars:
Ashenzari
Cheibriados
Dithmenos
Fedhas
Gozag
Hepliaklqana
Kikubaaqudgha
Makhleb
Nemelex Xobeh
Okawaru
Qazlal
Ru
Sif Muna
Trog
Uskayaw
Vehumet
Wu Jian
Xom
Yredelemnul

Shops:
D:6 :


Innate Abilities, Weirdness & Mutations

You have very sharp fingernails.
You regenerate magic rapidly.
Spells you cast may paralyse adjacent enemies.


Message History

There is a stone staircase leading up here.
You climb upwards.
There is a stone staircase leading down here.
You start resting.
HP restored.
You climb downwards.
The cyan ugly thing barely misses you.
There is a stone staircase leading up here.
The cyan ugly thing kicks you! The cyan ugly thing shocks you!
You climb upwards.
There is a stone staircase leading down here.
There is an open door here.
Casting: Freeze (safe; 1% risk of failure)
Confirm with . or Enter, or press ? or * to list all spells.
Casting: Frozen Ramparts (safe; 1% risk of failure)
Press: ? - help, Dir - look around, f - activate An open door.
The walls around you are covered in ice.
Malevolent energies surge around you.
The wall freezes the cyan ugly thing.
The cyan ugly thing kicks you. The cyan ugly thing shocks you!
Casting: Frozen Ramparts (safe; 1% risk of failure)
Confirm with . or Enter, or press ? or * to list all spells.
A film of ice covers your body! Malevolent energies surge around you.
The wall freezes the cyan ugly thing!
The cyan ugly thing kicks you. The cyan ugly thing shocks you!
Casting: Ozocubu's Armour (safe; 1% risk of failure)
Confirm with . or Enter, or press ? or * to list all spells.
Aiming: Freeze (safe; 1% risk of failure)
Press: ? - help, Shift-Dir - straight line, f - cyan ugly thing
Aim: a cyan ugly thing (lightly wounded)
You freeze the cyan ugly thing.
The cyan ugly thing is moderately wounded.
Malevolent energies surge around you.
The wall freezes the cyan ugly thing!
The cyan ugly thing kicks you! The cyan ugly thing shocks you!
* * * LOW HITPOINT WARNING * * *
You hit the cyan ugly thing.
The cyan ugly thing is heavily wounded.
The wall freezes the cyan ugly thing!
The cyan ugly thing kicks you!
* * * LOW HITPOINT WARNING * * *
The cyan ugly thing shocks you!
You die...

#.........#...
#.........#[##
#####<..........
#...#...........
#...#........[..
######...#.....##.##.
#...##'###...........
#...#.........##.....
#..u@.........'....#.
######.........##.....
#..............#......
#.........######....>.
#.........# ##......
#.........# #.......
#.........#####.....#.
##'####...............
#....#........#......


You could see a cyan ugly thing.

Vanquished Creatures
  3 death yaks (D:7)
  An unseen horror (D:8)
  A wyvern (D:8)
  6 yaks (D:8)
  Menkaure (D:4)
  An acid dragon (D:8)
  2 orc warriors
  2 sky beasts
  3 ice beasts
  2 centaurs
  2 phantoms
  A kobold brigand (D:7)
  6 bullfrogs
  A scorpion (D:5)
  8 wights
  3 howler monkeys
  A gnoll bouda (D:5)
  6 hounds
  4 orc priests
  5 iguanas
  Ijyb (D:3)
  7 orc wizards
  3 hell rats
  Robin (D:3)
  2 adders
  11 gnolls
  2 river rats
  4 white imps
  4 worms
  6 dart slugs
  24 orcs
  9 bats
  4 endoplasms
  2 giant cockroaches (D:3)
  10 hobgoblins
  9 jackals
  3 ball pythons
  2 frilled lizards
  9 goblins
  15 kobolds
  2 rats
189 creatures vanquished.

Notes
Turn   | Place    | Note
-------+----------+-------------------------------------------
     0 | D:1      | jlumianski the Demonspawn Ice Elementalist began the quest
                  | for the Orb.
     0 | D:1      | Reached XP level 1. HP: 13/13 MP: 3/3
   595 | D:1      | Gained mutation: You have sharp fingernails. [demonic
                  | ancestry]
   595 | D:1      | Reached XP level 2. HP: 19/19 MP: 3/5
  1491 | D:3      | Reached XP level 3. HP: 24/24 MP: 4/6
  1605 | D:2      | Identified the ring "Uwuwas" {*Corrode rC+ Str+3 Int+6}
  1988 | D:1      | Learned a level 3 spell: Frozen Ramparts
  2853 | D:2      | Noticed Robin
  2894 | D:3      | Killed Robin
  2924 | D:2      | Gained mutation: You have very sharp fingernails. [demonic
                  | ancestry]
  2924 | D:2      | Reached XP level 4. HP: 22/31 MP: 7/7
  3165 | D:2      | Learned a level 3 spell: Ozocubu's Armour
  3305 | D:2      | Identified a scroll of acquirement
  3305 | D:2      | Acquired 769 gold pieces
  3622 | D:3      | Noticed an ice beast
  3678 | D:3      | Killed an ice beast
  3679 | D:3      | Reached skill level 1 in Fighting
  3679 | D:3      | Reached skill level 1 in Short Blades
  3679 | D:3      | Reached skill level 1 in Armour
  3679 | D:3      | Reached XP level 5. HP: 30/37 MP: 6/9
  4063 | D:3      | Noticed Ijyb
  4065 | D:3      | Paralysed by Ijyb for 4 turns
  4075 | D:3      | Killed Ijyb
  4165 | D:3      | Found a broken altar of Ashenzari.
  4508 | D:4      | Gained mutation: Spells you cast may paralyse adjacent
                  | enemies. [demonic ancestry]
  4508 | D:4      | Reached XP level 6. HP: 43/43 MP: 6/10
  4582 | D:5      | Entered Level 5 of the Dungeon
  4648 | D:4      | Reached skill level 5 in Ice Magic
  4839 | D:4      | Noticed Menkaure
  4852 | D:4      | Killed Menkaure
  5014 | D:4      | Gained mutation: You regenerate magic rapidly. [demonic
                  | ancestry]
  5014 | D:4      | Reached XP level 7. HP: 48/48 MP: 8/13
  6361 | D:6      | Reached skill level 1 in Staves
  6361 | D:6      | Reached skill level 5 in Spellcasting
  6468 | D:6      | Reached XP level 8. HP: 52/54 MP: 9/15
  6607 | D:6      | Found Voylos's Self-Improvement Boutique.
  7042 | D:7      | Identified the ring of Gullagh {Will+ Dex+5}
  7332 | D:7      | Found a staircase to the Ecumenical Temple.
  7341 | Temple   | Entered the Ecumenical Temple
  7603 | Temple   | Became a worshipper of Qazlal Stormbringer
  7739 | D:7      | Reached XP level 9. HP: 52/59 MP: 13/18
  8660 | D:8      | Reached skill level 5 in Stealth
  8688 | D:8      | Killed an unseen horror
  8845 | D:8      | Noticed a death yak
  8845 | D:8      | Noticed a death yak
  8870 | D:7      | Killed a death yak
  8934 | D:8      | Noticed a death yak
  8946 | D:7      | Killed a death yak
  8947 | D:7      | Reached XP level 10. HP: 24/67 MP: 3/21
  9178 | D:7      | Reached * piety under Qazlal
  9180 | D:7      | Killed a death yak
  9181 | D:7      | Reached skill level 5 in Short Blades
  9406 | D:7      | Learned a level 4 spell: Hailstorm
  9436 | D:8      | Reached skill level 1 in Invocations
  9468 | D:8      | Found a staircase to the Lair.
  9502 | D:8      | Reached skill level 5 in Invocations
  9502 | D:8      | Reached XP level 11. HP: 75/75 MP: 21/23
  9914 | D:8      | Found a hide-covered altar of Uskayaw.
 10071 | D:9      | Noticed a rakshasa
 10526 | D:9      | Noticed a deep elf pyromancer
 10526 | D:9      | Noticed a cyan ugly thing
 10587 | D:8      | Mangled by a cyan ugly thing

Illustrated notes

Levels and vault maps discovered:
D:1:      dpeg_arrival_tiny_a, layout_basic, grunt_decor_arrowhead
D:2:      layout_loops_cross, minmay_cut_off, uniq_robin
D:3:      layout_basic, marbit_many_paths, uniq_ijyb
D:4:      layout_rooms, uniq_menkaure
D:5:      layout_basic, grunt_ministairs_2
D:6:      layout_basic, nicolae_shop_self_help
D:7:      layout_basic, minmay_temple_entry_mist
D:8:      minmay_inner_zag, layout_gridville, eat_drink_and_be_merry_uskayaw,
          dpeg_lair_monsters
D:9:      minmay_diamond_stairs, layout_small_grid, david_orc_4, the_hattery
Temple:   nicolae_temple_bog_church

Skill      XL: |  1  2  3  4  5  6  7  8  9 10 11 |
---------------+----------------------------------+-----
Ice Magic      | 4 5 6 7 8 |  8.8
Dodging        | 2 3 4 |  4.4
Stealth        | 2 3 4 5 |  5.8
Fighting       | 1 2 3 |  3.7
Short Blades   | 1 3 4 6 |  6.6
Armour         | 1 2 3 4 |  4.1
Spellcasting   | 3 4 5 6 7 8 |  8.5
Staves         | 1 2 |  2.1
Invocations    | 5 |  5.3
Evocations     | 3 4 |  4.0
Ranged Weapons | |  0.1

Action                   |  1- 3 |  4- 6 |  7- 9 | 10-12 || total
-------------------------+-------+-------+-------+-------++-------
Melee: Short sword       |    43 |       |    68 |    43 ||   154
       Dagger            |     4 |    59 |    36 |       ||    99
       Staff             |       |       |    87 |       ||    87
       Punch             |       |       |     2 |     1 ||     3
 Fire: Sling             |       |       |     1 |       ||     1
 Cast: Freeze            |    43 |     5 |    26 |    17 ||    91
       Frozen Ramparts   |     4 |    22 |    40 |    11 ||    77
       Ozocubu's Armour  |       |     6 |    31 |     9 ||    46
  Use: Scroll            |       |     7 |     9 |     3 ||    19
       Potion            |       |     2 |     2 |     2 ||     6
 Stab: Sleeping          |     4 |     4 |     1 |       ||     9
       Paralysed         |       |     4 |    35 |     4 ||    43
Armor: Robe              |     6 |       |       |       ||     6
       Leather armour    |    25 |    26 |    60 |     9 ||   120
Dodge: Dodged            |    99 |    36 |   136 |    24 ||   295

Table legend: (Time is in decaauts)
 A = Elapsed time spent in this place.
 B = Non-inter-level travel time spent in this place.
 C = Inter-level travel time spent in this place.
 D = Time resting spent in this place.
 E = Time spent auto-exploring this place.
 F = Levels seen in this place.
 G = Mean time per level.
                   A        B        C        D        E       F      G
               +--------+--------+--------+--------+--------+-----+--------+
         Total |  10623 |  10472 |    151 |   2331 |   4430 |  10 | 1062.3 |
       Dungeon |  10315 |  10164 |    151 |   2331 |   4292 |   9 | 1146.1 |
        Temple |    308 |    308 |      0 |      0 |    138 |   1 |  308.0 |
               +--------+--------+--------+--------+--------+-----+--------+

Top non-repeatable levels by time:
     D:1: 1860 daAuts
     D:8: 1611 daAuts
     D:7: 1405 daAuts
     D:2: 1243 daAuts
     D:3: 1231 daAuts
     D:5: 1103 daAuts
     D:6: 875 daAuts
     D:4: 873 daAuts
  Temple: 308 daAuts
     D:9: 109 daAuts
